 Dungeon Crawl Stone Soup version 0.24-a0-170-gd8427f5 (webtiles) character file.

Game seed: 11606623899565694735

46 Dfrag the Grave Robber (level 3, -2/28 HPs)
             Began as a Deep Dwarf Necromancer on Mar 9, 2019.
             Slain by a hobgoblin
             ... wielding a +0 club
             ... led by Robin
              (5 damage)
             ... on level 2 of the Dungeon.
             The game lasted 00:01:35 (1341 turns).

Dfrag the Grave Robber (Deep Dwarf Necromancer)     Turns: 1341, Time: 00:01:36

Health: -2/28      AC:  2    Str: 11    XL:     3   Next: 44%
Magic:  2/7        EV: 12    Int: 16    God:
Gold:   118        SH:  0    Dex: 13    Spells: 3/7 levels left

rFire    . . .     SeeInvis .   (no weapon)
rCold    . . .     Gourm    .   (no shield)
rNeg     . . .     Faith    .   a - +0 robe
rPois    .         Spirit   .   (no helmet)
rElec    .         Reflect  .   (no cloak)
rCorr    .         Harm     .   (no gloves)
MR       .....                  (no boots)
Stlth    ++........             (no amulet)
HPRegen  0.00/turn              (no ring)
MPRegen  0.10/turn              (no ring)

@: non-regenerating
A: damage resistance, heal wounds, sense surroundings 1, no regeneration
a: Heal Wounds


You were on level 2 of the Dungeon.
You were hungry.

You visited 1 branch of the dungeon, and saw 2 of its levels.

You collected 118 gold pieces.

Inventory:

Armour
 a - a +0 robe (worn)
Wands
 n - a wand of clouds (5)
Scrolls
 b - 5 scrolls of identify {unknown}
 e - a scroll of magic mapping {unknown}
 f - 2 scrolls of enchant armour {unknown}
 i - a scroll of immolation {unknown}
 k - 4 scrolls of remove curse {unknown}
 m - a scroll of enchant weapon {unknown}
 o - a scroll of amnesia {unknown}
Potions
 d - a potion of might {unknown}
 g - 2 potions of heal wounds {unknown}
 h - a potion of resistance {unknown}
 j - 2 potions of mutation {unknown}
 l - a potion of curing {unknown}
Comestibles
 c - 6 rations


   Skills:
 - Level 2.1 Dodging
 - Level 2.4 Stealth
 * Level 2.9 Spellcasting
 + Level 4.9 Necromancy


You had 3 spell levels left.
You knew the following spells:

 Your Spells              Type           Power        Failure   Level  Hunger
a - Pain                  Necr           ###.         2%          1    #......
b - Vampiric Draining     Necr           ###.......   8%          3    ###....

Your spell library contained the following spells:

 Spells                   Type           Power        Failure   Level  Hunger
 Animate Skeleton         Necr           N/A          2%          1    #......
 Animate Dead             Necr           N/A          26%         4    #####..
 Regeneration             Chrm/Necr      Unusable     N/A         3    N/A

Dungeon Overview and Level Annotations

Branches:
Dungeon (2/15)

Altars:

Annotations:
D:2 Robin


Innate Abilities, Weirdness & Mutations

You are resistant to damage.
You can heal yourself by infusing magical energy.
You passively map a small area around you.
You do not regenerate.


Message History

Casting: Pain (safe; 2% risk of failure)
Confirm with . or Enter, or press ? or * to list all spells.
Aiming: Pain (safe; 2% risk of failure)
Press: ? - help, Shift-Dir - straight line, f/p - goblin
Aim: a goblin (severely wounded, chance to defeat MR: 89%)
The goblin writhes in agony.
You kill the goblin!
Unknown command.
There is a stone staircase leading up here.
The hobgoblin closely misses you.
You climb upwards.
There is a stone staircase leading down here.
You climb downwards.
Level annotation: Robin The goblin shoots a stone.
The stone hits you. The goblin barely misses you. The goblin hits you.
There is a stone staircase leading up here.
You see here a stone.
The hobgoblin hits you with a +0 club.
You die...

#.#.##.##...##.#...#
#.#.##.##...##.#<###
#.#.##.##...##......
#.#.##.##...########
#.#>................
#.#.........########
#.#.##.##...# #
#.#g...#.#.#########
#.#@g...............
#.#.####.#.#####....
#.#......#.# #....
#.###g####.# #....
#......# #.# #....
#####..# #.# ####.
#..###.# #.
#....#.########.
#######.#.#........##


You could see a hobgoblin and 2 goblins.

Vanquished Creatures
  2 oozes (D:2)
  A worm (D:2)
  2 dart slugs
  A giant cockroach (D:2)
  8 goblins
  4 hobgoblins (D:2)
  2 jackals (D:1)
  3 bats
  2 frilled lizards (D:2)
  A kobold (D:2)
  4 rats
30 creatures vanquished.

Notes
Turn   | Place    | Note
-------+----------+-------------------------------------------
     0 | D:1      | Dfrag the Deep Dwarf Necromancer began the quest for the
                  | Orb.
     0 | D:1      | Reached XP level 1. HP: 15/15 MP: 3/3
   300 | D:1      | Reached XP level 2. HP: 20/22 MP: 0/5
  1002 | D:2      | Reached XP level 3. HP: 26/28 MP: 1/6
  1020 | D:2      | Learned a level 3 spell: Vampiric Draining
  1281 | D:2      | Noticed Robin
  1341 | D:2      | Slain by a hobgoblin

Levels and vault maps discovered:
D:1:      lemuel_arrival_cross, layout_basic
D:2:      layout_basic, first_ration, chequers_serial_rivers_large_a, uniq_robin

Skill      XL: |  1 |
---------------+----+-----
Spellcasting   | 2 |  2.9
Dodging        | |  2.1
Stealth        | |  2.4
Necromancy     | |  4.9

Action                   || total
-------------------------++-------
Melee: Unarmed           ||    10
 Cast: Pain              ||    52
       Vampiric Draining ||     1
  Eat: Chunk             ||     1
Armor: Robe              ||     3
Dodge: Dodged            ||    28

Table legend:
 A = Non-vault XP
 B = Vault XP
 C = Vault XP percentage of total XP
 D = Non-vault monster count
 E = Vault monster count
 F = Vault count percentage of total count
                 A         B        C        D         E       F
            +---------+---------+-------+---------+---------+-------
      Total |      57 |       9 |  13.6 |      25 |       5 |  16.7
            +---------+---------+-------+---------+---------+-------
        D:1 |      14 |       0 |   0.0 |       8 |       0 |   0.0
        D:2 |      43 |       9 |  17.3 |      17 |       5 |  22.7
            +---------+---------+-------+---------+---------+-------
